 Seeded DCSS version 0.28-a0-425-gd0eccab798 (webtiles) character file.

Game seed: 13282853026876037337 (custom seed)

1696 flotson the Sneak (level 9, 0/65 HPs)
             Began as a Djinni Delver on Sept 9, 2021.
             Slain by an unseen horror (5 damage)
             ... on level 6 of the Dungeon.
             The game lasted 00:13:45 (4842 turns).

flotson the Sneak (Djinni Delver)                   Turns: 4842, Time: 00:13:46

Health: 0/65       AC:  4    Str: 20    XL:     9   Next: 23%
Gold:   379        EV: 14    Int: 12    God:
                   SH:  0    Dex: 15

rFire   + + +      SeeInvis +   u - +2 whip (elec)
rCold   x . .      Faith    .   (no shield)
rNeg    . . .      Spirit   .   i - +2 robe "Ece Otipn" {rF+ SInv}
rPois   ∞          Reflect  .   (no helmet)
rElec   .          Harm     .   (no cloak)
rCorr   .          Rampage  .   (no gloves)
Will    .....                   (boots unavailable)
Stlth   +++.......              h - amulet of regeneration
HPRegen 1.20/turn               s - +6 ring of strength
MPRegen 0.00/turn               (no ring)

@: flying
A: sickness immunity, fire resistance 2, cold vulnerability 1, float, innate
caster, hp casting, extra vitality 1
a: no special abilities


You were on level 6 of the Dungeon.
You visited 2 branches of the dungeon, and saw 7 of its levels.
You also visited: Sewer.

You collected 379 gold pieces.

Inventory:

Hand Weapons
 q - a +0 hunting sling
 u - a +2 whip of electrocution (weapon)
Missiles
 m - 50 poisoned darts (quivered)
Armour
 i - the +2 robe "Ece Otipn" (worn) {rF+ SInv}
   (You found it on level 5 of the Dungeon)

   rF:        It protects you from fire.
   SInv:      It lets you see invisible.
 C - +0 steam dragon scales
Jewellery
 h - an amulet of regeneration (around neck)
 s - a +6 ring of strength (left hand)
Wands
 e - a wand of paralysis (8)
 f - a wand of digging (3)
 j - a wand of mindburst (4)
 w - a wand of polymorph (3)
 x - a wand of acid (7)
 y - a wand of iceblast (5)
Scrolls
 a - 5 scrolls of identify {unknown}
 b - 3 scrolls of fog
 c - a scroll of magic mapping
 d - 2 scrolls of fear
 g - a scroll of teleportation {unknown}
 l - a scroll of torment {unknown}
 t - a scroll of blinking {unknown}
Potions
 k - a potion of might {unknown}
 n - a potion of magic {unknown}
 o - 4 potions of flight
 p - 2 potions of degeneration {unknown}
 r - 3 potions of brilliance {unknown}
 v - a potion of cancellation {unknown}
 z - a potion of invisibility {unknown}
 A - a potion of heal wounds
 B - a potion of curing


   Skills:
 + Level 5.1 Fighting
 + Level 2.3 Maces & Flails
 + Level 3.0 Throwing
 + Level 3.8 Armour
 + Level 4.8 Dodging
 + Level 5.5 Stealth
 - Level 2.0 Unarmed Combat
 + Level 2.6 Spellcasting
 + Level 3.7 Evocations


You had 3 spell levels left.
You knew the following spells:

 Your Spells              Type           Power      Damage    Failure   Level
a - Magic Dart            Conj           32%        1d4       9%          1
b - Wereblood             Tmut           8%         N/A       13%         2
c - Dazzling Flash        Conj/Hex       16%        N/A       26%         3
d - Petrify               Tmut/Erth      8%         N/A       63%         4
Your spell library was empty.

Dungeon Overview and Level Annotations

Branches:
Dungeon (6/15)             Temple (1/1) D:6           Sewer (visited)

Altars:
Cheibriados
Fedhas
Hepliaklqana
Kikubaaqudgha
Makhleb
Okawaru
Qazlal
Ru
Sif Muna
Trog
Uskayaw
Vehumet
Wu Jian
Xom
Yredelemnul
Zin
The Shining One

Shops:
D:6 [

Annotations:
D:5 Menkaure
D:6 1 runed translucent door, chris0x's ghost, novice PaHu


Innate Abilities, Weirdness & Mutations

You are immune to sickness and miasma.
You are immune to poison.
Your flesh is very heat resistant. (rF++)
You are vulnerable to cold. (rC-)
You float through the air rather than walking.
You learn spells naturally, not from books.
Your magical power is your life essence.
You have superior vitality. (+4 HP)


Message History

The sky beast is heavily wounded.
The sky beast hits you. The sky beast shocks you.
You hit the sky beast.
The sky beast is severely wounded.
The sky beast hits you. The sky beast shocks you.
* * * LOW HITPOINT WARNING * * *
Aiming: Paralyse
Press: ? - help, Shift-Dir - straight line, f - sky beast
Aim: a sky beast (severely wounded, slightly transparent, chance to affect: 56%)
Okay, then.
Unknown command.
Aiming: Corrosive Bolt
Press: ? - help, Shift-Dir - straight line, f - sky beast
Aim: a sky beast (severely wounded, slightly transparent, 64% to hit)
The bolt of acid hits the sky beast!
The acid corrodes the sky beast!
You kill the sky beast!
The bolt of acid hits the unseen horror!
The acid corrodes the unseen horror!
The unseen horror is heavily wounded.
The unseen horror hits you!
* * * LOW HITPOINT WARNING * * *
The unseen horror barely misses you.
Aiming: Paralyse
Press: ? - help, Shift-Dir - straight line, f - unseen horror
Aim: an unseen horror (heavily wounded, slightly transparent, covered in acid, chance to affect: 57%)
Okay, then.
Unknown command.
Aiming: Mindburst
Press: ? - help, Shift-Dir - straight line, f - unseen horror
Aim: an unseen horror (heavily wounded, slightly transparent, covered in acid, chance to affect: 80%)
The unseen horror's mind is blasted!
The unseen horror hits you but does no damage.
The unseen horror misses you.
Aiming: Mindburst
Press: ? - help, Shift-Dir - straight line, f/p - unseen horror
Aim: an unseen horror (severely wounded, slightly transparent, covered in acid, chance to affect: 80%)
The unseen horror barely resists.
The unseen horror hits you.
* * * LOW HITPOINT WARNING * * *
The unseen horror hits you.
You die...

......# #.## #####.#
#)(## #.# ##)#.##
##.####.###(######.#
#.#..>.## ##........
###########....###.#
##.#.#.##......#
##≈≈≈≈≈≈#.##...##
.## #
#_....(('.###@## ..
.# ##≈≈≈≈≈≈###
#x#### .##.#
#.#.#.##
#....###x.Y.#
#######
##..#..#..#..## ###
## #...##...##...#
..# . .#
#....###.###..S. #.#
.#. #.###.##.##.###.
#.# ...
#..###.#.#.###.. #.#
#.# #...####.####..#


You could see an unseen horror (invisible, corroded).

Vanquished Creatures
  A steam dragon (D:6)
  Duvessa (D:5)
  2 ice beasts (D:6)
  A sky beast (D:6)
  A phantom (D:4)
  A kobold brigand (Sewer)
  Dowan (D:5)
  A scorpion (D:4)
  A wyvern zombie (D:6)
  A water moccasin zombie (D:6)
  A wyvern skeleton (D:5)
  An electric eel (D:6)
  A howler monkey (D:4)
  3 wights (D:6)
  A centaur zombie (D:5)
  5 hounds
  An orc priest (D:2)
  2 orc wizards
  Ijyb (D:5)
  Natasha (thrice) (D:4)
  A hound skeleton (D:5)
  5 gnolls
  3 adders
  A howler monkey skeleton (D:5)
  A river rat (Sewer)
  2 worms
  A dart slug (D:1)
  11 orcs
  5 bats
  10 endoplasms
  5 giant cockroaches
  6 goblins
  7 hobgoblins
  4 jackals
  13 kobolds
  2 quokkas
  5 ball pythons
  6 frilled lizards
  9 rats
127 creatures vanquished.

Notes
Turn   | Place    | Note
-------+----------+-------------------------------------------
     0 | D:5      | flotson the Djinni Delver began the quest for the Orb.
     0 | D:5      | Reached XP level 1. HP: 20/20 MP: 0/0
   148 | D:5      | Noticed Menkaure
   152 | D:5      | Identified the +2 robe "Ece Otipn" {rF+ SInv}
   226 | D:4      | Noticed a phantom
   343 | D:3      | Noticed an orc priest
   415 | D:1      | Reached XP level 2. HP: 25/25 MP: 0/0
   654 | D:1      | Reached XP level 3. HP: 22/30 MP: 0/0
   654 | D:1      | Learned a level 1 spell: Magic Dart
   821 | D:1      | Found a faded altar of an unknown god.
  1132 | D:2      | Reached skill level 1 in Armour
  1207 | D:2      | Reached skill level 1 in Evocations
  1419 | D:2      | Reached XP level 4. HP: 35/35 MP: 0/0
  2037 | D:2      | Reached skill level 1 in Throwing
  2037 | D:2      | Reached XP level 5. HP: 36/40 MP: 0/0
  2037 | D:2      | Learned a level 2 spell: Wereblood
  2742 | D:4      | Killed a phantom
  2743 | D:4      | Reached skill level 1 in Spellcasting
  2743 | D:4      | Reached XP level 6. HP: 47/47 MP: 0/0
  2815 | D:4      | Noticed Natasha
  2823 | D:4      | Killed Natasha
  2871 | D:4      | Reached XP level 7. HP: 48/51 MP: 0/0
  2871 | D:4      | Learned a level 3 spell: Dazzling Flash
  3060 | D:4      | Noticed Natasha
  3077 | D:4      | Killed Natasha
  3161 | D:4      | Noticed Natasha
  3180 | D:4      | Killed Natasha
  3267 | D:5      | Noticed Duvessa
  3267 | D:5      | Noticed Dowan
  3284 | D:5      | Killed Duvessa
  3290 | D:5      | Killed Dowan
  3342 | D:5      | Reached skill level 1 in Maces & Flails
  3342 | D:5      | Reached skill level 5 in Stealth
  3365 | D:5      | Noticed Ijyb
  3373 | D:5      | Killed Ijyb
  3374 | D:5      | Reached XP level 8. HP: 19/58 MP: 0/0
  3602 | D:6      | Found a glowing drain.
  3618 | Sewer    | Entered a sewer
  3759 | Sewer    | Found a glowing silver altar of Zin.
  3870 | D:6      | Found Paskyl's Antique Armour Boutique.
  4130 | D:6      | Found a staircase to the Ecumenical Temple.
  4137 | Temple   | Entered the Ecumenical Temple
  4463 | D:6      | Found a runed translucent door.
  4465 | D:6      | Noticed chris0x's ghost (novice PaHu)
  4674 | D:6      | Reached XP level 9. HP: 55/64 MP: 0/0
  4674 | D:6      | Learned a level 4 spell: Petrify
  4761 | D:6      | Reached skill level 5 in Fighting
  4782 | D:6      | Found an iron altar of Okawaru.
  4802 | D:6      | Noticed an unseen horror
  4806 | D:6      | Noticed a boulder beetle
  4842 | D:6      | Slain by an unseen horror

Illustrated notes

Levels and vault maps discovered:
D:1:      dpeg_arrival_round_b, layout_rooms, serial_aquarium,
          aquarium_bridge_square [aquarium_subvault_wall,
          aquarium_subvault_bridge, aquarium_subvault_bridge,
          aquarium_subvault_bridge], aquarium_bridge_square
          [aquarium_subvault_bridge, aquarium_subvault_bridge,
          aquarium_subvault_bridge, aquarium_subvault_wall], aquarium_window_1,
          aquarium_window_1, aquarium_window_fake, aquarium_window_2,
          aquarium_view_2d, aquarium_view_4, aquarium_balcony_double_1,
          aquarium_pool_2, ebering_ecumenical_altar_hall
D:2:      layout_loops_ring
D:3:      layout_loops_ring
D:4:      layout_rooms, uniq_natasha
D:5:      layout_basic, uniq_menkaure, uniq_duvessa, uniq_ijyb
D:6:      layout_loops_ring, okawaru_altar_gauntlet_db,
          minmay_temple_entry_mist, portal_sewer_entry_a, ebering_ghost_sewer_d,
          nicolae_inconvenience_store, minivault_5, kennysheep_path_1,
          kb_rosetta
Temple:   eino_temple_rhombus

Skill      XL: |  1  2  3  4  5  6  7  8  9 |
---------------+----------------------------+-----
Armour         | 1 2 3 |  3.8
Evocations     | 1 2 3 |  3.7
Throwing       | 1 2 3 |  3.0
Dodging        | 3 4 |  4.8
Spellcasting   | 1 2 |  2.6
Fighting       | 4 5 |  5.1
Maces & Flails | 1 2 |  2.3
Stealth        | 5 |  5.5
Unarmed Combat | |  2.0

Action                   |  1- 3 |  4- 6 |  7- 9 || total
-------------------------+-------+-------+-------++-------
Melee: Unarmed           |   186 |   205 |    26 ||   417
       Whip              |       |       |   181 ||   181
       Punch             |       |       |     4 ||     4
Throw: Dart              |       |    25 |     3 ||    28
Evoke: Wand              |       |     3 |    11 ||    14
  Use: Potion            |     1 |       |       ||     1
 Stab: Sleeping          |     9 |     6 |     2 ||    17
       Paralysed         |       |       |     1 ||     1
       Distracted        |       |       |     1 ||     1
Armor: Robe              |    61 |    56 |    35 ||   152
       Leather armour    |     1 |       |       ||     1
       Skin              |       |       |     4 ||     4
Dodge: Dodged            |   112 |   122 |   150 ||   384

Table legend: (Time is in decaauts)
 A = Elapsed time spent in this place.
 B = Non-inter-level travel time spent in this place.
 C = Inter-level travel time spent in this place.
 D = Time resting spent in this place.
 E = Time spent auto-exploring this place.
 F = Levels seen in this place.
 G = Mean time per level.
                   A        B        C        D        E       F      G
               +--------+--------+--------+--------+--------+-----+--------+
         Total |   4817 |   4670 |    147 |    188 |   2964 |   8 |  602.1 |
       Dungeon |   4440 |   4312 |    128 |    188 |   2706 |   6 |  740.0 |
        Temple |    198 |    179 |     19 |      0 |    167 |   1 |  198.0 |
         Sewer |    178 |    178 |      0 |      0 |     91 |   1 |  178.0 |
               +--------+--------+--------+--------+--------+-----+--------+

Top non-repeatable levels by time:
     D:2: 883 daAuts
     D:6: 867 daAuts
     D:1: 736 daAuts
     D:3: 727 daAuts
     D:4: 707 daAuts
     D:5: 518 daAuts
  Temple: 198 daAuts
   Sewer: 178 daAuts
